Map: New Gettysburg LE

Players

True - Winner!

  • Race: Zerg Zerg
  • League: Grandmaster

Kelazhur

  • Race: Terran Terran

Event: Cheesadelphia Summer 2016

VOD

Have the link to the VOD?

Description

Time

  • Played on: July 24, 2016, 6:46 p.m.
  • Length: 6:03

All games in this series

Show
View Real Time Build Order
Export as new Build Order

True Zerg - Winner!

Build Orders: Hatch First, Zergling Baneling 

Get SALT Encoding   

  12  0:00  Drone  
  13  0:13  Overlord  
  13  0:17  Drone  
  14  0:31  Drone x2  
  14  0:35  Drone  
  17  0:52  Hatchery  
  17  0:56  Drone  
  17  1:10  Spawning Pool  
  16  1:13  Drone  
  16  1:18  Extractor  
  16  1:20  Drone  
  16  1:21  Drone  
  18  1:35  Drone  
  19  1:40  Overlord  
  19  1:56  Queen  
  19  1:58  Zergling x2  
  19  2:01  Zergling x2  
  23  2:04  Queen, Zergling x2  
  26  2:11  Drone  
  27  2:16  Drone  
  27  2:21  Metabolic Boost  
  29  2:22  Drone  
  29  2:27  Drone  
  30  2:33  Queen  
  32  2:38  Drone  
  32  2:39  Drone  
  34  2:46  Overlord  
  34  2:49  Drone  
  35  2:54  Drone  
  36  3:04  Drone x2  
  38  3:06  Drone x3  
  38  3:08  Drone  
  42  3:20  Hatchery  
  42  3:23  Drone  
  42  3:24  Drone  
  42  3:26  Drone  
  44  3:30  Overlord  
  44  3:36  Extractor  
  44  3:37  Drone  
  44  3:41  Baneling Nest, Drone  
  44  3:50  Drone x3  
  44  3:51  Drone  
  44  3:53  Overlord  
  48  3:56  Zergling x6  
  51  4:03  Zergling x2  
  52  4:11  Zergling x4  
  52  4:12  Zergling x4  
  57  4:17  Zergling x6  
  57  4:18  Zergling x2  
  60  4:29  Overlord  
  60  4:33  Zergling x4  
  60  4:37  Spore Crawler  
  61  4:39  Zergling x4  
  61  4:40  Zergling x2  
  61  4:41  Zergling x4  
  66  4:49  Baneling x14  
  66  4:50  Zergling x4  
  66  4:52  Zergling x6  
  71  4:53  Zergling x4  
  74  5:03  Overlord  
  74  5:05  Overlord  
  69  5:23  Zergling x18  
  69  5:24  Zergling x2  
  75  5:29  Zergling x4  
  75  5:30  Zergling x2  
  75  5:33  Baneling x7  
  71  5:37  Zergling x4  
  71  5:38  Zergling x2  
Show
View Real Time Build Order
Export as new Build Order

Kelazhur Terran 

Build Orders: Command Center First (CC) 

Get SALT Encoding   

  12  0:00  SCV  
  13  0:13  SCV  
  14  0:18  Supply Depot  
  14  0:25  SCV  
  15  0:40  SCV  
  16  0:52  SCV  
  17  1:00  Command Center  
  17  1:04  SCV  
  18  1:15  Barracks  
  18  1:17  SCV  
  19  1:23  Refinery  
  19  1:29  SCV  
  20  1:42  SCV  
  21  1:54  SCV  
  22  2:03  Marine  
  22  2:06  Orbital Command  
  23  2:13  Orbital Command  
  23  2:20  Marine  
  24  2:25  Bunker  
  23  2:31  SCV  
  24  2:38  Factory  
  24  2:39  SCV  
  24  2:42  Barracks Reactor  
  25  2:44  SCV  
  25  2:51  SCV  
  27  2:56  SCV  
  28  3:00  Command Center  
  28  3:03  SCV  
  29  3:08  Supply Depot  
  29  3:09  SCV  
  30  3:15  SCV  
  31  3:21  SCV  
  31  3:22  Refinery  
  32  3:27  SCV  
  32  3:28  Barracks Tech Lab, Starport  
  32  3:32  Hellion  
  32  3:33  Hellion, SCV  
  38  3:35  Supply Depot  
  38  3:39  SCV  
  39  3:45  SCV  
  39  3:46  Marine  
  41  3:51  SCV  
  42  3:56  Hellion  
  42  3:57  Barracks  
  42  3:58  Barracks  
  42  3:59  Hellion, SCV  
  47  4:09  SCV  
  48  4:11  Viking  
  48  4:13  Marine  
  48  4:15  Orbital Command  
  48  4:16  SCV  
  52  4:22  SCV  
  53  4:24  Supply Depot  
  53  4:28  SCV  
  53  4:30  Factory Reactor  
  54  4:33  Engineering Bay  
  54  4:34  SCV  
  54  4:36  Engineering Bay, Marine  
  56  4:40  SCV  
  56  4:44  Starport Reactor  
  56  4:45  Barracks Reactor  
  57  4:46  Barracks Reactor, SCV  
  57  4:50  SCV, Refinery  
  59  4:53  Supply Depot  
  59  4:58  Supply Depot  
  59  5:00  Marine  
  59  5:01  SCV  
  59  5:02  SCV  
  59  5:06  SCV, Refinery  
  63  5:14  SCV  
  64  5:18  Marine  
  61  5:22  SCV  
  61  5:25  Marine  
  61  5:26  Marine  
  61  5:27  Bunker, Supply Depot  
  41  5:29  Engineering Bay  
  41  5:30  Marine  
  41  5:31  SCV  
  41  5:35  Marine x2  
Tags
 
Add a new tag
Caveats
  • Supply blocks, unpowered buildings, or Contaminate may cause inaccurate times.
  • Supply counts are checked every 10 seconds.